 Dungeon Sprint DCSS version 0.28.0-45-g0d030f2227 (webtiles) character file.

Game seed: 15971763273717514777

800000 protoss039 the Skirmisher (level 1, -39/19 HPs)
             Began as a Hill Orc Fighter on Apr 16, 2022.
             Annihilated by a meat berserker
             ... wielding a +9 battleaxe
              (58 damage)
             ... in the Dungeon (Sprint VIII: "Arena of Blood").
             The game lasted 00:00:17 (8 turns).

protoss039 the Skirmisher (Hill Orc Fighter)           Turns: 8, Time: 00:00:18

Health: -39/19     AC:  6    Str: 18    XL:     1   Next: 0%
Magic:  1/1        EV:  9    Int:  8    God:
Gold:   0          SH:  0    Dex: 10    Spells: 0/0 levels left

rFire   . . .      SeeInvis .   j - +∞ Axe of Woe
rCold   . . .      Faith    .   (shield currently unavailable)
rNeg    . . .      Spirit   .   a - +0 scale mail
rPois   .          Reflect  .   (no helmet)
rElec   .          Harm     .   (no cloak)
rCorr   .          Rampage  .   (no gloves)
Will    .....      NoTele   +   (no boots)
Stlth   ..........              (no amulet)
HPRegen 0.06/turn               (no ring)
MPRegen 0.07/turn               (no ring)

@: no status effects
A: no striking features
a: no special abilities


You were in the Dungeon.
You visited 1 branch

Inventory:

Hand Weapons
 j - the +∞ Axe of Woe (weapon)
   (You found it in the Dungeon)
Armour
 a - a +0 scale mail (worn)
 b - a +0 buckler
Scrolls
 i - a scroll of blinking
Potions
 c - a potion of might
 d - a potion of curing
 e - a potion of heal wounds
 f - a potion of haste
 g - 2 potions of magic
 h - a potion of berserk rage


   Skills:
 + Level 3.6 Fighting
 + Level 3.2 Armour
 + Level 3.2 Shields
 + Level 2.1 Unarmed Combat


You couldn't memorise any spells.
You didn't know any spells.
Your spell library was empty.

Dungeon Overview and Level Annotations

Branches:
Dungeon (1/1)

Altars:
Makhleb


Message History

Found the +∞ Axe of Woe.
Found four burning altars of Makhleb.
Found a staircase leading out of the dungeon.
Unknown command.
Unknown command.
j - the +∞ Axe of Woe You hear a shout! x3
Keep disrobing? [Y]es or [N]o only, please.
Keep disrobing?
You start removing your armour.
You continue taking off your +0 buckler.
The bag of meat shouts! x2; You hear a shout! x10
You continue taking off your +0 buckler.
The bag of meat shouts!
You hear a shout! x9
You continue taking off your +0 buckler.
The bag of meat shouts!
You hear a shout! x7
You continue taking off your +0 buckler.
The bag of meat shouts!
You hear a shout! x6
You finish taking off your +0 buckler.
Unknown command.
Unknown command.
j - the +∞ Axe of Woe (weapon)
You hear a shout! x4
Unknown command.
Unknown command.
The bag of meat appears out of thin air!
A bag of meat comes into view. It is wielding a +9 war axe.
The bag of meat shouts!
You hear a shout! x3
The meat berserker rages.
You hear a shout! x4
A meat berserker comes into view. It is wielding a +9 battleaxe.
Unknown command.
Unknown command.
You hit the bag of meat.
You fatally mangle the bag of meat.
You kill the bag of meat!
You hear a shout! x13
A meat berserker comes into view. It is wielding a +9 battleaxe.
The meat berserker hits you with a +9 battleaxe!!!
Ouch! That really hurt!
You die...

.. .. .. .. #.
.# #.. ..#
.###.. ..###.
......###....O.
......._o......
#..@..# #oOO._#
#..o.o#
..o.._.....
......###......
.###.. .o###.
#.. ..# #.. ..#
.. ..


You could see 3 meat berserkers and 6 bags of meat.

Vanquished Creatures
  An orc (D)
1 creature vanquished.

Notes
Turn   | Place    | Note
-------+----------+-------------------------------------------
     0 | D        | Found the +∞ Axe of Woe
     0 | D        | protoss039 the Hill Orc Fighter began the quest for the
                  | Orb.
     0 | D        | Reached XP level 1. HP: 19/19 MP: 1/1
     1 | D        | Noticed a bag of meat
     1 | D        | Noticed a bag of meat
     2 | D        | Noticed a bag of meat
     2 | D        | Noticed a bag of meat
     3 | D        | Noticed a bag of meat
     3 | D        | Noticed a meat berserker
     3 | D        | Noticed a bag of meat
     4 | D        | Noticed a bag of meat
     7 | D        | Noticed a bag of meat
     7 | D        | Noticed a meat berserker
     8 | D        | Killed a bag of meat
     8 | D        | Noticed a meat berserker
     8 | D        | Annihilated by a meat berserker

Illustrated notes

Levels and vault maps discovered:
D:        meatsprint

Action                   || total
-------------------------++-------
Melee: Executioner's axe ||     1
